 Dungeon Crawl Stone Soup version 0.31-a0-1529-g7bd419a (webtiles) character file.

Game seed: 11379127321750366736

32 sdynet the Digger (level 3, -1/26 HPs)
             Began as a Ghoul Earth Elementalist on Dec 31, 2023.
             Slain by a phantom (3 damage)
             ... on level 2 of the Dungeon.
             The game lasted 00:04:55 (972 turns).

sdynet the Digger (Ghoul Earth Elementalist)         Turns: 972, Time: 00:04:56

Health: -1/26      AC:  3    Str: 11    XL:     3   Next: 27%
Magic:  3/6        EV: 12    Int: 16    God:
Gold:   30         SH:  0    Dex:  9    Spells: 2/6 levels left

rFire   . . .        a - +2 dagger (venom)
rCold   + . .        (no shield)
rNeg    + + +        c - +0 robe
rPois   ∞            g - +1 hat
rElec   .            (no cloak)
rCorr   .            (no gloves)
SInv    .            (no boots)
Will    .....        (no amulet)
Stlth   ++           (no ring)
HPRegen 0.00/turn    (no ring)
MPRegen 0.10/turn

%: no passive effects
@: very slightly contaminated, inhibited regen
A: claws 1, cold resistance 1, negative energy resistance 3, inhibited
regeneration, torment resistance 2, devour on kill
a: no special abilities


You were on level 2 of the Dungeon.
You visited 1 branch of the dungeon, and saw 2 of its levels.

You collected 30 gold pieces.

Inventory:

Hand Weapons
 a - a +2 dagger of venom (weapon)
 d - a +0 rapier
Armour
 c - a +0 robe (worn)
 g - a +1 hat (worn)
Scrolls
 e - a scroll of immolation {unknown}
 h - a scroll of noise {unknown}
Potions
 f - a potion of curing {!q}
 i - a potion of might {unknown}


   Skills:
 - Level 1.7 Dodging
 - Level 2.1 Stealth
 + Level 2.4 Spellcasting
 + Level 0.1 Conjurations
 + Level 4.0 Earth Magic
 - Level 0.8 Alchemy


You had 2 spell levels left.
You knew the following spells:

 Your Spells              Type           Power      Damage    Failure   Level
a - Sandblast             Erth           28%        2d8       3%          1
b - Stone Arrow           Conj/Erth      16%        3d8       26%         3

Your spell library contained the following spells:

 Spells                   Type           Power      Damage    Failure   Level
 Sting                    Conj/Alch      12%        1d3       16%         1
 Apportation              Tloc           2%         N/A       21%         1
 Necrotise                Necr           4%         1d4       21%         1
 Summon Small Mammal      Summ           4%         N/A       21%         1
 Ensorcelled Hibernation  Hex/Ice        2%         N/A       30%         2
 Jinxbite                 Hex            2%         N/A       30%         2
 Passwall                 Erth           14%        N/A       11%         3
 Swiftness                Air            1%         N/A       52%         3
 Petrify                  Alch/Erth      9%         N/A       58%         4
 Brom's Barrelling Bould  Conj/Erth      8%         2d3       63%         4
 Yara's Violent Unravell  Hex/Alch       1%         3d3       99%         5
 Enfeeble                 Hex            0%         N/A       100%        7


Dungeon Overview and Level Annotations

Branches:
Dungeon (2/15)

Altars:

Shops:
D:1 (

Annotations:
D:1 exclusion: downstairs
D:2 Sigmund


Innate Abilities, Weirdness & Mutations

You are immune to poison.
You have sharp fingernails.
Your flesh is cold resistant. (rC+)
You are immune to negative energy. (rN+++)
You do not regenerate when monsters are visible.
You are immune to unholy pain and torment.
You thrive by killing the living.


Message History

The phantom is almost destroyed.
The phantom hits you!
* * * LOW HITPOINT WARNING * * *
The phantom blinks!
You blink.
It was a potion of curing.
You feel better. The phantom barely misses you.
Magic courses through your body.
The phantom hits you but does no damage.
Casting: Sandblast (safe; 3% risk of failure)
Confirm with . or Enter, or press ? or * to list all spells.
Aiming: Sandblast (safe; 3% risk of failure)
Press: ? - help, Shift-Dir - straight line, f/p - phantom
Aim: a phantom (almost destroyed, 75% to hit)
You miscast Sandblast.
You are very lightly contaminated with residual magic.
Nothing appears to happen.
The phantom hits you.
Casting: Sandblast (safe; 3% risk of failure)
Confirm with . or Enter, or press ? or * to list all spells.
Aiming: Sandblast (safe; 3% risk of failure)
Press: ? - help, Shift-Dir - straight line, f/p - phantom
Aim: a phantom (almost destroyed, 75% to hit)
The blast of sand hits the phantom.
The phantom is almost destroyed.
The phantom hits you.
* * * LOW HITPOINT WARNING * * *
The phantom blinks!
You blink.
Casting: Sandblast (safe; 3% risk of failure)
Confirm with . or Enter, or press ? or * to list all spells.
Aiming: Sandblast (safe; 3% risk of failure)
Press: ? - help, Shift-Dir - straight line, f/p - phantom
Aim: a phantom (almost destroyed, 75% to hit)
The blast of sand hits the phantom but does no damage.
The phantom is almost destroyed.
The phantom closely misses you. The phantom barely misses you.
Casting: Sandblast (safe; 3% risk of failure)
Confirm with . or Enter, or press ? or * to list all spells.
Aiming: Sandblast (safe; 3% risk of failure)
Press: ? - help, Shift-Dir - straight line, f/p - phantom
Aim: a phantom (almost destroyed, 75% to hit)
The blast of sand misses the phantom.
The phantom hits you.
You die...

#####..# ..).#..#
.#.#.....
###.#..##.#.#.#...
..)...............
..#.#..##.#.# #..#
............# #..# #
..#.#..#....# #..# .#
..#.#..#..#.#.#W.#..#
. #.#...........@...#
#.#.........#..#..#
#......##..##... .#
#......###.##..#. #
#.................
##.........#.#.# .#
#.##..##....#.# .# #.
#..# ####.# # #. #...


You could see a phantom.

Vanquished Creatures
  A ribbon worm (D:2)
  5 endoplasms (D:1)
  A giant cockroach (D:1)
  3 hobgoblins
  3 jackals (D:1)
  5 ball pythons
  2 bats (D:1)
  3 goblins
  2 kobolds
  2 rats (D:1)
27 creatures vanquished.

Notes
Turn   | Place    | Note
-------+----------+-------------------------------------------
     0 | D:1      | sdynet the Ghoul Earth Elementalist began the quest for the
                  | Orb.
     0 | D:1      | Reached XP level 1. HP: 14/14 MP: 3/3
   138 | D:1      | Reached XP level 2. HP: 20/20 MP: 3/5
   301 | D:1      | Found Ohonly's Weapon Shop.
   769 | D:2      | Noticed Sigmund
   824 | D:2      | Reached XP level 3. HP: 25/26 MP: 4/6
   832 | D:2      | Reached skill level 4 in Earth Magic
   842 | D:1      | Learned a level 3 spell: Stone Arrow
   954 | D:2      | Noticed a phantom
   972 | D:2      | Slain by a phantom

Illustrated notes

Levels and vault maps discovered:
D:1:      lightli_arrival_flooded_house, layout_loops_ring, serial_shops, shop
D:2:      layout_basic, minmay_distorted, uniq_sigmund

Skill      XL: |  1  2  3 |
---------------+----------+-----
Spellcasting   | 2 |  2.4
Earth Magic    | 4 |  4.0
Dodging        | |  1.7
Stealth        | |  2.1
Conjurations   | |  0.1
Alchemy        | |  0.8

Action                     || total
---------------------------++-------
  Melee: Dagger            ||    35
         Punch             ||     1
   Cast: Sandblast         ||    26
    Use: Potion            ||     2
   Stab: Sleeping          ||     3
 Armour: Robe              ||    25
  Dodge: Dodged            ||    30

Table legend: (Time is in decaauts)
 A = Elapsed time spent in this place.
 B = Non-inter-level travel time spent in this place.
 C = Inter-level travel time spent in this place.
 D = Time resting spent in this place.
 E = Time spent auto-exploring this place.
 F = Levels seen in this place.
 G = Mean time per level.
                   A        B        C        D        E       F      G
               +--------+--------+--------+--------+--------+-----+--------+
         Total |    985 |    917 |     68 |      0 |    677 |   2 |  492.5 |
       Dungeon |    985 |    917 |     68 |      0 |    677 |   2 |  492.5 |
               +--------+--------+--------+--------+--------+-----+--------+

Top non-repeatable levels by time:
     D:1: 835 daAuts
     D:2: 149 daAuts
